NWL (28 & UNDER)
CASPER GHOSTS @ SAN DIEGO SMASHERS
08/08/2029
 
TOP OF THE 1ST
Casper Ghosts batting - Pitching for San Diego Smashers : RHP Tony Fullerton
Pitching: RHP Tony Fullerton
Batting: RHB Peter Bryant 0-0: Ball
1-0: Ball
2-0: Ball
3-0: Called Strike
3-1: Foul Ball, location: 2F
3-2: Strikes out looking
Batting: LHB Ramón Córdova 0-0: Called Strike
0-1: Ground out 4-3 (Groundball, 4)
Batting: RHB Paul Richard 0-0: Called Strike
0-1: Ball
1-1: Ground out 5-3 (Groundball, 56S)
Top of the 1st over - 0 runs, 0 hits, 0 errors, 0 left on base; Casper 0 - San Diego 0
BOTTOM OF THE 1ST
San Diego Smashers batting - Pitching for Casper Ghosts : LHP Ben Reyes
Pitching: LHP Ben Reyes
Batting: LHB Dale Miller 0-0: Called Strike
0-1: Ball
1-1: Ball
2-1: Foul Ball, location: 2F
2-2: SINGLE (Groundball, 4D)
Batting: LHB Richard Brooks 0-0: Ball
1-0: Foul Ball, location: 2F
1-1: Ball
2-1: Foul Ball, location: 2F
2-2: Foul Ball, location: 2F
2-2: Foul Ball, location: 2F
2-2: Foul Ball, location: 2F
2-2: Ground out 3-1 (Groundball, 34S)
Dale Miller to second
Batting: LHB John White 0-0: Ball
1-0: Fly out, F8 (Flyball, 8LS)
Batting: LHB Steven Smith 0-0: Ball
1-0: Foul Ball, location: 2F
1-1: Ball
2-1: Foul Ball, location: 2F
2-2: 2-RUN HOME RUN (Flyball, 9D), Distance : 381 ft
Batting: RHB Gerald Davis 0-0: Ball
1-0: Reached via error on a dropped throw, E1
Batting: RHB Ron Garrett 0-0: SINGLE (Line Drive, 56D)
Gerald Davis to second
Batting: RHB Manuel Martínez 0-0: Ball
1-0: Ball
2-0: SINGLE (Flyball, 78M)
Gerald Davis to third
Ron Garrett to second
Runner from 3rd tries for Home, SAFE, no throw
Batting: RHB Sean Smith 0-0: Swinging Strike
0-1: Called Strike
0-2: Ball
1-2: Strikes out swinging
Bottom of the 1st over - 3 runs, 4 hits, 1 error, 2 left on base; Casper 0 - San Diego 3
TOP OF THE 2ND
Casper Ghosts batting - Pitching for San Diego Smashers : RHP Tony Fullerton
Batting: LHB Luis Rodríguez 0-0: Called Strike
0-1: Fly out, F7 (Flyball, 7LM)
Batting: RHB Robert Acosta 0-0: Ground out 3-1 (Groundball, 34)
Batting: RHB Miguel Toro 0-0: Ball
1-0: Fly out, F4 (Line Drive, 4)
Top of the 2nd over - 0 runs, 0 hits, 0 errors, 0 left on base; Casper 0 - San Diego 3
BOTTOM OF THE 2ND
San Diego Smashers batting - Pitching for Casper Ghosts : LHP Ben Reyes
Batting: LHB Jorge Pineda 0-0: Ball
1-0: Foul Ball, location: 2F
1-1: Called Strike
1-2: Foul Ball, location: 2F
1-2: Foul Ball, location: 2F
1-2: Strikes out swinging
Batting: LHB Dale Miller 0-0: Foul Ball, location: 2F
0-1: Ball
1-1: Foul Ball, location: 2F
1-2: Foul Ball, location: 2F
1-2: Ball
2-2: Ball
3-2: Foul Ball, location: 2F
3-2: Foul Ball, location: 2F
3-2: Foul Ball, location: 2F
3-2: Ground out U3 (Groundball, 3)
Batting: LHB Richard Brooks 0-0: Called Strike
0-1: Ball
1-1: Foul Ball, location: 2F
1-2: Foul Ball, location: 2F
1-2: Strikes out swinging
Bottom of the 2nd over - 0 runs, 0 hits, 0 errors, 0 left on base; Casper 0 - San Diego 3
TOP OF THE 3RD
Casper Ghosts batting - Pitching for San Diego Smashers : RHP Tony Fullerton
Batting: SHB José González 0-0: Called Strike
0-1: Foul Ball, location: 2F
0-2: Ball
1-2: Ball
2-2: Foul Ball, location: 2F
2-2: Fly out, F9 (Flyball, 9S)
Batting: RHB Jerry Browning 0-0: Foul Ball, location: 2F
0-1: Ball
1-1: Ball
2-1: Foul Ball, location: 2F
2-2: Foul Ball, location: 2F
2-2: SINGLE (Line Drive, 34D)
Batting: RHB Hunter Plunket 0-0: DOUBLE (Line Drive, 89D)
Jerry Browning to third
Batting: RHB Peter Bryant 0-0: Fly out, F7 (Flyball, 7D)
Runner from 3rd tags up, SCORES, throw made
Batting: LHB Ramón Córdova 0-0: Called Strike
0-1: Foul Ball, location: 2F
0-2: Foul Ball, location: 2F
0-2: Ground out 4-3 (Groundball, 4)
Top of the 3rd over - 1 run, 2 hits, 0 errors, 1 left on base; Casper 1 - San Diego 3
BOTTOM OF THE 3RD
San Diego Smashers batting - Pitching for Casper Ghosts : LHP Ben Reyes
Batting: LHB John White 0-0: SOLO HOME RUN (Line Drive, 9LD), Distance : 378 ft
Batting: LHB Steven Smith 0-0: Called Strike
0-1: Swinging Strike
0-2: Foul Ball, location: 2F
0-2: Strikes out swinging
Batting: RHB Gerald Davis 0-0: Ball
1-0: Foul Ball, location: 2F
1-1: Swinging Strike
1-2: Ball
2-2: Strikes out swinging
Batting: RHB Ron Garrett 0-0: Foul Ball, location: 2F
0-1: Ball
1-1: Ball
2-1: Called Strike
2-2: Foul Ball, location: 2F
2-2: Foul Ball, location: 2F
2-2: Strikes out looking
Bottom of the 3rd over - 1 run, 1 hit, 0 errors, 0 left on base; Casper 1 - San Diego 4
TOP OF THE 4TH
Casper Ghosts batting - Pitching for San Diego Smashers : RHP Tony Fullerton
Batting: RHB Paul Richard 0-0: Foul Ball, location: 2F
0-1: Ball
1-1: DOUBLE (Line Drive, 7LM)
Batting: LHB Luis Rodríguez 0-0: Ball
1-0: Swinging Strike
1-1: SINGLE (Groundball, 56D)
Paul Richard to third
Batting: RHB Robert Acosta 0-0: Ball
1-0: Ball
2-0: Called Strike
2-1: Grounds into double play, 6-4-3 (Groundball, 6)
Paul Richard scores
Batting: RHB Miguel Toro 0-0: Reached via error on a dropped throw, E1
Batting: SHB José González 0-0: Ball
1-0: Called Strike
Miguel Toro steals 2nd base
1-1: Ball
2-1: Called Strike
2-2: SINGLE (Groundball, 6MD)
Miguel Toro to third
Runner from 3rd tries for Home, SAFE, throw made home
Batting: RHB Jerry Browning 0-0: Ball
1-0: Foul Ball, location: 2F
1-1: Ball
2-1: Foul Ball, location: 2F
2-2: SINGLE (Groundball, 6MD)
José González to second
Runner from 2nd tries for 3rd, SAFE, throw made to third
Batting: RHB Hunter Plunket 0-0: SINGLE (Groundball, 56D)
José González scores
Jerry Browning to second
Batting: RHB Peter Bryant 0-0: Called Strike
0-1: Foul Ball, location: 2F
0-2: Ball
1-2: Strikes out swinging
Top of the 4th over - 3 runs, 5 hits, 1 error, 2 left on base; Casper 4 - San Diego 4
BOTTOM OF THE 4TH
San Diego Smashers batting - Pitching for Casper Ghosts : LHP Ben Reyes
Batting: RHB Manuel Martínez 0-0: Called Strike
0-1: Ball
1-1: Ball
2-1: Ball
3-1: Base on Balls
Batting: RHB Sean Smith 0-0: Ball
1-0: Ball
2-0: Swinging Strike
2-1: Ball
3-1: Base on Balls
Manuel Martínez to second
Batting: LHB Jorge Pineda 0-0: Ball
1-0: Fly out, F8 (Flyball, 89M)
Batting: LHB Dale Miller 0-0: Ball
1-0: Called Strike
1-1: Ball
2-1: Ball
3-1: Foul Ball, location: 2F
3-2: Fielders Choice at 2nd, 4-6 (Groundball, 4M)
Manuel Martínez to third
Batting: LHB Richard Brooks 0-0: Ball
1-0: Called Strike
1-1: Fly out, F8 (Line Drive, 89M)
Bottom of the 4th over - 0 runs, 0 hits, 0 errors, 2 left on base; Casper 4 - San Diego 4
TOP OF THE 5TH
Casper Ghosts batting - Pitching for San Diego Smashers : RHP Tony Fullerton
Batting: LHB Ramón Córdova 0-0: Called Strike
0-1: Ball
1-1: Swinging Strike
1-2: Ball
2-2: Ball
3-2: SINGLE (Groundball, 6M) (infield hit)
Batting: RHB Paul Richard 0-0: Swinging Strike
0-1: Ball
1-1: Fly out, F7 (Flyball, 78D)
Batting: LHB Luis Rodríguez 0-0: Ball
Wild Pitch!
Ramón Córdova to second
1-0: Foul Ball, location: 2F
1-1: Swinging Strike
1-2: Fly out, F9 (Line Drive, 89D)
Runner from 2nd tags up, SAFE at 3rd, no throw
Batting: RHB Robert Acosta 0-0: Ball
1-0: Swinging Strike
1-1: Called Strike
1-2: Ground out 3-1 (Groundball, 34)
Top of the 5th over - 0 runs, 1 hit, 0 errors, 1 left on base; Casper 4 - San Diego 4
BOTTOM OF THE 5TH
San Diego Smashers batting - Pitching for Casper Ghosts : LHP Ben Reyes
Batting: LHB John White 0-0: Ball
1-0: Foul Ball, location: 2F
1-1: Foul Ball, location: 2F
1-2: SINGLE (Line Drive, 89S)
Pitching: RHP Jack Hampton
Batting: LHB Steven Smith 0-0: Called Strike
0-1: Ball
1-1: Ball
2-1: Ball
3-1: Base on Balls
John White to second
Batting: RHB Gerald Davis 0-0: Ball
1-0: Called Strike
1-1: Fly out, F8 (Flyball, 78D)
Batting: RHB Ron Garrett 0-0: Ball
1-0: Grounds into double play, 6-4-3 (Groundball, 6)
Bottom of the 5th over - 0 runs, 1 hit, 0 errors, 1 left on base; Casper 4 - San Diego 4
TOP OF THE 6TH
Casper Ghosts batting - Pitching for San Diego Smashers : RHP Tony Fullerton
Batting: RHB Miguel Toro 0-0: Foul Ball, location: 2F
0-1: Ball
1-1: Ground out 4-3 (Groundball, 4)
Batting: SHB José González 0-0: Swinging Strike
0-1: SINGLE (Line Drive, 8LS)
Batting: RHB Jerry Browning 0-0: Ball
1-0: Called Strike
1-1: Ball
2-1: Fly out, F9 (Flyball, 9)
Batting: RHB Hunter Plunket 0-0: Ball
1-0: Fly out, F8 (Flyball, 78M)
Top of the 6th over - 0 runs, 1 hit, 0 errors, 1 left on base; Casper 4 - San Diego 4
BOTTOM OF THE 6TH
San Diego Smashers batting - Pitching for Casper Ghosts : RHP Jack Hampton
Batting: RHB Manuel Martínez 0-0: Called Strike
0-1: Called Strike
0-2: Ball
1-2: Ball
2-2: Ball
3-2: SOLO HOME RUN (Flyball, 78XD), Distance : 392 ft
Batting: RHB Sean Smith 0-0: Called Strike
0-1: Ball
1-1: Ball
2-1: Swinging Strike
2-2: Foul Ball, location: 2F
2-2: Ball
3-2: Base on Balls
Batting: LHB Jorge Pineda 0-0: Swinging Strike
0-1: Called Strike
0-2: Ball
1-2: Foul Ball, location: 2F
1-2: Strikes out swinging
Batting: LHB Dale Miller 0-0: Called Strike
Sean Smith is caught stealing 2nd base
0-1: Foul Ball, location: 2F
0-2: Ball
1-2: Fly out, F4 (Popup, 4MD)
Bottom of the 6th over - 1 run, 1 hit, 0 errors, 0 left on base; Casper 4 - San Diego 5
TOP OF THE 7TH
Casper Ghosts batting - Pitching for San Diego Smashers : RHP Tony Fullerton
Batting: RHB Peter Bryant 0-0: Called Strike
0-1: SINGLE (Groundball, 56D)
Batting: LHB Ramón Córdova 0-0: Called Strike
0-1: Foul Ball, location: 2F
0-2: Ball
1-2: Ball
2-2: Ball
3-2: Fielders Choice at 2nd, 4-6 (Groundball, 4)
Batting: RHB Paul Richard 0-0: Ball
Ramón Córdova steals 2nd base
1-0: SINGLE (Flyball, 78M)
Ramón Córdova to third
Batting: LHB Luis Rodríguez 0-0: Ball
1-0: Ball
2-0: Ball
3-0: Called Strike
3-1: Base on Balls
Paul Richard to second
Batting: RHB Robert Acosta 0-0: SINGLE (Groundball, 56D)
Ramón Córdova scores
Paul Richard to third
Luis Rodríguez to second
Pitching: LHP Alejandro Flores
Batting: RHB Miguel Toro 0-0: Ball
1-0: Ball
2-0: SINGLE (Flyball, 89S)
Paul Richard scores
Luis Rodríguez to third
Robert Acosta to second
Batting: SHB José González 0-0: Called Strike
0-1: Ball
1-1: SINGLE (Line Drive, 8LS)
Luis Rodríguez scores
Robert Acosta to third
Miguel Toro to second
Batting: RHB Jerry Browning 0-0: Ball
1-0: Called Strike
1-1: Fly out, F7 (Flyball, 5D)
Runner from 3rd tags up, SCORES, no throw
Batting: RHB Hunter Plunket 0-0: Called Strike
0-1: Ball
1-1: Called Strike
1-2: SINGLE (Groundball, 4MD)
Miguel Toro to third
José González to second
Runner from 3rd tries for Home, SAFE, no throw
Batting: RHB Peter Bryant 0-0: Ball
1-0: Ball
2-0: Ball
3-0: Base on Balls
José González to third
Hunter Plunket to second
Batting: LHB Ramón Córdova 0-0: Fly out, F5 (Popup, 5F)
Top of the 7th over - 5 runs, 6 hits, 0 errors, 3 left on base; Casper 9 - San Diego 5
BOTTOM OF THE 7TH
San Diego Smashers batting - Pitching for Casper Ghosts : RHP Jack Hampton
Batting: LHB Richard Brooks 0-0: Called Strike
0-1: Foul Ball, location: 2F
0-2: Ball
1-2: Ball
2-2: Ball
3-2: Foul Ball, location: 2F
3-2: Fly out, F8 (Flyball, 8LM)
Batting: LHB John White 0-0: Called Strike
0-1: Swinging Strike
0-2: Ball
1-2: Ball
2-2: Ball
3-2: Base on Balls
Batting: LHB Steven Smith 0-0: Called Strike
0-1: Ball
1-1: Ball
2-1: Called Strike
2-2: Foul Ball, location: 2F
2-2: Strikes out looking
Batting: RHB Gerald Davis 0-0: Ball
1-0: Foul Ball, location: 2F
1-1: Ground out U3 (Groundball, 3L)
Bottom of the 7th over - 0 runs, 0 hits, 0 errors, 1 left on base; Casper 9 - San Diego 5
TOP OF THE 8TH
Casper Ghosts batting - Pitching for San Diego Smashers : LHP Alejandro Flores
Batting: RHB Paul Richard 0-0: Called Strike
0-1: Ball
1-1: Called Strike
1-2: Ball
2-2: Ball
3-2: Strikes out swinging
Batting: LHB Luis Rodríguez 0-0: Called Strike
0-1: Ball
1-1: Foul Ball, location: 2F
1-2: Foul Ball, location: 2F
1-2: SINGLE (Groundball, 5D)
Batting: RHB Robert Acosta 0-0: SINGLE (Groundball, 56D)
Luis Rodríguez to second
Batting: RHB Miguel Toro 0-0: Fielders Choice at 2nd, 4-6 (Groundball, 4)
Luis Rodríguez to third
Batting: SHB José González 0-0: Foul Ball, location: 2F
0-1: Called Strike
0-2: Ball
Miguel Toro is caught stealing 2nd base
Top of the 8th over - 0 runs, 2 hits, 0 errors, 1 left on base; Casper 9 - San Diego 5
BOTTOM OF THE 8TH
San Diego Smashers batting - Pitching for Casper Ghosts : RHP Jack Hampton
Batting: RHB Ron Garrett 0-0: Called Strike
0-1: Swinging Strike
0-2: Ball
1-2: Foul Ball, location: 2F
1-2: Fly out, F7 (Flyball, 7LM)
Batting: RHB Manuel Martínez 0-0: Called Strike
0-1: Ball
1-1: Ball
2-1: Foul Ball, location: 2F
2-2: Foul Ball, location: 2F
2-2: Foul Ball, location: 2F
2-2: Foul Ball, location: 2F
2-2: Ball
3-2: Base on Balls
Batting: RHB Sean Smith 0-0: Foul Ball, location: 2F
0-1: Swinging Strike
0-2: Strikes out swinging
Batting: LHB Jorge Pineda 0-0: Ball
1-0: SINGLE (Flyball, 78M)
Manuel Martínez to second
Runner from 2nd tries for 3rd, SAFE, no throw
Batting: LHB Dale Miller 0-0: Ball
1-0: Ball
2-0: Ball
3-0: Base on Balls
Jorge Pineda to second
Batting: LHB Richard Brooks 0-0: Ball
1-0: Ball
2-0: Called Strike
2-1: Swinging Strike
2-2: Strikes out swinging
Bottom of the 8th over - 0 runs, 1 hit, 0 errors, 3 left on base; Casper 9 - San Diego 5
TOP OF THE 9TH
Casper Ghosts batting - Pitching for San Diego Smashers : LHP Alejandro Flores
Pitching: RHP Maurice Green
Batting: SHB José González 0-0: SINGLE (Line Drive, 8RS)
Batting: RHB Jerry Browning 0-0: Called Strike
0-1: Ball
1-1: Grounds into double play, 6-4-3 (Groundball, 6)
Batting: RHB Hunter Plunket 0-0: Called Strike
0-1: Ball
1-1: Ball
2-1: Foul Ball, location: 2F
2-2: Foul Ball, location: 2F
2-2: Foul Ball, location: 2F
2-2: Foul Ball, location: 2F
2-2: Foul Ball, location: 2F
2-2: Foul Ball, location: 2F
2-2: SINGLE (Groundball, 3D)
Batting: RHB Peter Bryant 0-0: Called Strike
0-1: Ball
1-1: Swinging Strike
1-2: Foul Ball, location: 2F
1-2: Strikes out swinging
Top of the 9th over - 0 runs, 2 hits, 0 errors, 1 left on base; Casper 9 - San Diego 5
BOTTOM OF THE 9TH
San Diego Smashers batting - Pitching for Casper Ghosts : RHP Jack Hampton
Batting: LHB John White 0-0: Ball
1-0: Called Strike
1-1: Ball
2-1: Ball
3-1: Base on Balls
Pitching: RHP Willie Alexander
Batting: LHB Steven Smith 0-0: Called Strike
0-1: SINGLE (Line Drive, 56)
John White to second
Pitching: RHP Pablo Lima
Batting: RHB Gerald Davis 0-0: Called Strike
0-1: Swinging Strike
0-2: Foul Ball, location: 2F
0-2: Strikes out looking
Batting: RHB Ron Garrett 0-0: Ball
1-0: Ball
2-0: Fly out, F6 (Popup, 6)
Batting: RHB Manuel Martínez 0-0: Foul Ball, location: 2F
0-1: Ball
1-1: Ball
2-1: Foul Ball, location: 2F
2-2: Foul Ball, location: 2F
2-2: Foul Ball, location: 2F
2-2: Ball
3-2: Foul Ball, location: 2F
3-2: Strikes out swinging
Bottom of the 9th over - 0 runs, 1 hit, 0 errors, 2 left on base; Casper 9 - San Diego 5
Saturday, December 16th, 2017 - OOTP Baseball 18.8 Build 76